 Dungeon Sprint DCSS version 0.29-a0-1033-gb6c65ffae6 (webtiles) character file.

Game seed: 17898350488700668015

247 mhtbhm the Unseen (level 5, -13/28 HPs)
             Began as a Spriggan Brigand on Aug 14, 2022.
             Was a Follower of Dithmenos.
             Killed from afar by a deep elf pyromancer (24 damage)
             ... with a bolt of fire
             ... in the Dungeon (Sprint III: "The Ten Rune Challenge").
             The game lasted 00:01:32 (558 turns).

mhtbhm the Unseen (Spriggan Brigand)                 Turns: 558, Time: 00:01:34

Health: -13/28     AC:  4    Str:  7    XL:     5   Next: 85%
Magic:  6/6        EV: 17    Int: 12    God:    Dithmenos [*.....]
Gold:   15         SH:  0    Dex: 19    Spells: 4/4 levels left

rFire   . . .      SeeInvis +   a - +2 dagger (speed)
rCold   . . .      Faith    .   (no shield)
rNeg    . . .      Spirit   .   b - +0 robe
rPois   +          Reflect  .   (helmet restricted)
rElec   .          Harm     .   c - +0 cloak
rCorr   .          Rampage  .   (gloves unavailable)
Will    .....      NoTele   +   (boots unavailable)
Stlth   +++++++...              (no amulet)
HPRegen 0.09/turn               (no ring)
MPRegen 0.10/turn               (no ring)

@: wreathed by umbra, very quick
A: very small, no large weapons, unfitting armour, see invisible, speed 3,
poison resistance, shaggy fur 1
a: Renounce Religion


You were in the Dungeon.
You worshipped Dithmenos.
Dithmenos was aware of your devotion.
You visited 1 branch You collected 15 gold pieces.

Inventory:

Hand Weapons
 a - a +2 dagger of speed (weapon)
Missiles
 d - 8 poisoned darts (quivered)
Armour
 b - a +0 robe (worn)
 c - a +0 cloak (worn)
Wands
 j - a wand of roots (9)
Scrolls
 k - a scroll of blinking
 m - a scroll of torment {unknown}
 n - 3 scrolls of identify
 p - a scroll of poison {unknown}
Potions
 f - a potion of curing
 h - a potion of haste
 i - 2 potions of magic
 l - a potion of might {unknown}
 o - 4 potions of flight
 q - 4 potions of mutation


   Skills:
 + Level 3.5 Fighting
 + Level 4.3 Short Blades
 + Level 5.3 Throwing
 + Level 2.6 Dodging
 + Level 15.6 Stealth


You had 4 spell levels left.
You didn't know any spells.
Your spell library contained the following spells:

 Spells                   Type           Power      Damage    Failure   Level
 Necrotise                Necr           0%         1d4       32%         1
 Portal Projectile        Hex/Tloc       0%         N/A       69%         3
 Tukima's Dance           Hex            0%         N/A       69%         3
 Vampiric Draining        Necr           0%         2d6       69%         3
 Agony                    Necr           0%         N/A       100%        5
 Blade Hands              Tmut           0%         N/A       100%        5


Dungeon Overview and Level Annotations

Branches:
Dungeon (1/1)

Altars:
Dithmenos
Elyvilon
Kikubaaqudgha
Ru
Sif Muna
Vehumet
Yredelemnul
Zin
The Shining One


Innate Abilities, Weirdness & Mutations

You are very small and have problems with some larger weapons.
You are too small for most types of armour.
You have supernaturally acute eyesight. (SInv)
You cover ground extremely quickly. (Speed+++)
Your system is resistant to poisons. (rPois)
You are covered in fur. (AC +1)


Message History

The grasping roots constrict the deep elf pyromancer.
The roots release their grip on the deep elf pyromancer.
The deep elf pyromancer barely misses you.
Okay, then.
Throw: 3 darts (curare)
Press: ? - help, Q - select action, (/) - cycle Shift-Dir - straight line, f/p - deep elf pyromancer
Aim: a deep elf pyromancer, wielding a +2 long sword of holy wrath (moderately wounded, umbra, 54% to hit)
You throw a curare-tipped dart.
The curare-tipped dart closely misses the deep elf pyromancer.
The deep elf pyromancer casts a spell.
Throw: 2 darts (curare)
Press: ? - help, Q - select action, (/) - cycle Shift-Dir - straight line, f/p - deep elf pyromancer
Aim: a deep elf pyromancer, wielding a +2 long sword of holy wrath (moderately wounded, umbra, 54% to hit)
You throw a curare-tipped dart.
The curare-tipped dart hits the deep elf pyromancer.
The deep elf pyromancer is poisoned.
The deep elf pyromancer convulses.
The deep elf pyromancer seems to slow down.
The deep elf pyromancer is moderately wounded.
Okay, then.
The deep elf pyromancer hits you with a +2 long sword of holy wrath!
There is a white marble altar of Elyvilon here.
You hit the deep elf pyromancer.
The deep elf pyromancer is heavily wounded.
The fire elemental misses you.
Throw: dart (curare)
Press: ? - help, Q - select action, (/) - cycle Shift-Dir - straight line, f/p - deep elf pyromancer
Aim: a deep elf pyromancer, wielding a +2 long sword of holy wrath (heavily wounded, very poisoned, slow, umbra, 54% to hit)
You throw a curare-tipped dart.
The curare-tipped dart hits the deep elf pyromancer.
The deep elf pyromancer looks as sick as possible!
The deep elf pyromancer convulses.
The deep elf pyromancer seems to be slow for longer.
The deep elf pyromancer is severely wounded.
The fire elemental hits you. The fire elemental burns you!
You hit the deep elf pyromancer.
The deep elf pyromancer is severely wounded.
The deep elf pyromancer casts a spell at you.
The bolt of fire hits you!!
Ouch! That really hurt!
You die...

▓▓▓▓▓▓▓▓▓▓ ▓▓▓ #..'...♣.♣
♣.##### #### #..#.....♣
♣.#@__# #__# ####....♣♣
♣.#eE.# #†_# ...#....~♣♣♣
♣.###°#+###'##
...#...~~♣.♣♣♣.#..........#
..)#..~~~~.♣.♣.'.⌠........#
##'#†.~≈≈~~~♣..#...######+#
.).#.~~≈~~~....#.⌠.#
...#.~≈~~~.....#...#
...#.~~~.......#'###


You could see a deep elf pyromancer (extremely poisoned, slow) and a fire
elemental (summoned).

Vanquished Creatures
  A necrophage (D)
  A water elemental (D)
  Jessica (D)
  A wizard (D)
  A necromancer (D)
  A human (D)
  A kobold demonologist (D)
  A wolf (D)
  An endoplasm (D)
  2 rats (D)
11 creatures vanquished.

Notes
Turn   | Place    | Note
-------+----------+-------------------------------------------
     0 | D        | mhtbhm the Spriggan Brigand began the quest for the Orb.
     0 | D        | Reached XP level 1. HP: 10/10 MP: 2/2
     4 | D        | Reached skill level 6 in Stealth
    11 | D        | Noticed Jessica
    19 | D        | Killed Jessica
    20 | D        | Reached skill level 9 in Stealth
    20 | D        | Reached XP level 2. HP: 7/15 MP: 3/3
    24 | D        | Reached XP level 3. HP: 7/18 MP: 4/4
   218 | D        | Reached skill level 10 in Stealth
   355 | D        | Reached skill level 11 in Stealth
   405 | D        | Gained mutation: Armour fits poorly on your strangely
                  | shaped body. [potion of mutation]
   405 | D        | Gained mutation: Your natural rate of healing is unusually
                  | fast. [potion of mutation]
   406 | D        | Lost mutation: Armour fits poorly on your strangely shaped
                  | body. [potion of mutation]
   406 | D        | Lost mutation: Your natural rate of healing is unusually
                  | fast. [potion of mutation]
   406 | D        | Gained mutation: You are covered in fur. (AC +1) [potion of
                  | mutation]
   406 | D        | Gained mutation: Your system is resistant to poisons.
                  | (rPois) [potion of mutation]
   407 | D        | Noticed a water elemental
   410 | D        | Killed a water elemental
   411 | D        | Reached skill level 13 in Stealth
   411 | D        | Reached XP level 4. HP: 23/23 MP: 5/5
   421 | D        | Found a shadowy altar of Dithmenos.
   421 | D        | Noticed a necrophage
   422 | D        | Found a basalt altar of Yredelemnul.
   422 | D        | Found a sacrificial altar of Ru.
   424 | D        | Reached XP level 5. HP: 28/28 MP: 6/6
   426 | D        | Became a worshipper of Dithmenos the Shadowed
   434 | D        | Reached skill level 5 in Throwing
   434 | D        | Reached skill level 14 in Stealth
   522 | D        | Found a radiant altar of Vehumet.
   523 | D        | Found a shimmering blue altar of Sif Muna.
   523 | D        | Found an ancient bone altar of Kikubaaqudgha.
   525 | D        | Reached skill level 15 in Stealth
   526 | D        | Reached * piety under Dithmenos
   546 | D        | Found a glowing silver altar of Zin.
   547 | D        | Found a glowing golden altar of the Shining One.
   547 | D        | Found a white marble altar of Elyvilon.
   547 | D        | Noticed a deep elf pyromancer
   554 | D        | Noticed a fire elemental
   558 | D        | Killed from afar by a deep elf pyromancer

Illustrated notes

Levels and vault maps discovered:
D:        dungeon_sprint_mu [sprint_mu_entry_forest, sprint_mu_temple_rooms,
          sprint_mu_d1_horrors, sprint_mu_d2_genie, sprint_mu_d3_branching,
          sprint_mu_orc_legion, sprint_mu_elf_gauntlet, sprint_mu_hive_nellie,
          sprint_mu_lair_fedhas, sprint_mu_vaults_butterflies,
          sprint_mu_slime_circle, sprint_mu_shoals_archi,
          sprint_mu_snake_twists, sprint_mu_blade_basic,
          sprint_mu_crypt_fortress, sprint_mu_tomb_spiral,
          sprint_mu_vestibule_basic, sprint_mu_gehenna_hellfire,
          sprint_mu_dis_giant, sprint_mu_tartarus_statrot,
          sprint_mu_cocytus_islands, sprint_mu_zot1]

Skill      XL: |  1  2  3  4  5 |
---------------+----------------+-----
Stealth        | 9 13 15 | 15.6
Fighting       | 2 3 |  3.5
Short Blades   | 3 4 |  4.3
Throwing       | 4 5 |  5.3
Dodging        | 2 |  2.6

Action                   |  1- 3 |  4- 6 || total
-------------------------+-------+-------++-------
Melee: Dagger            |    19 |    13 ||    32
       Punch             |       |     1 ||     1
Throw: Dart              |    14 |     3 ||    17
Evoke: Wand              |       |     1 ||     1
  Use: Potion            |     2 |     2 ||     4
 Stab: Sleeping          |     2 |     3 ||     5
Armor: Robe              |     3 |     3 ||     6
Dodge: Dodged            |     8 |     7 ||    15

Table legend: (Time is in decaauts)
 A = Elapsed time spent in this place.
 B = Non-inter-level travel time spent in this place.
 C = Inter-level travel time spent in this place.
 D = Time resting spent in this place.
 E = Time spent auto-exploring this place.
 F = Levels seen in this place.
 G = Mean time per level.
                   A        B        C        D        E       F      G
               +--------+--------+--------+--------+--------+-----+--------+
         Total |    508 |    508 |      0 |    353 |      4 |   1 |  508.0 |
       Dungeon |    508 |    508 |      0 |    353 |      4 |   1 |  508.0 |
               +--------+--------+--------+--------+--------+-----+--------+

Top non-repeatable levels by time:
       D: 508 daAuts
